 Dungeon Sprint DCSS version 0.26-a0-690-gcb57259078 (webtiles) character file.

Game seed: 13537235784516732497

129 mhtbhm the Skirmisher (level 5, -13/47 HPs)
             Began as a Merfolk Fighter on Oct 25, 2020.
             Mangled by an ogre
             ... wielding a +0 giant club
              (15 damage)
             ... while paralysed
             ... in the Dungeon (Sprint IX: "|||||||||||||||||||||||||||||").
             The game lasted 00:00:17 (44 turns).

mhtbhm the Skirmisher (Merfolk Fighter)               Turns: 44, Time: 00:00:17

Health: -13/47     AC:  7    Str: 17    XL:     5   Next: 12%
Magic:  5/5        EV:  2    Int:  7    God:
Gold:   0          SH:  0    Dex: 14    Spells: 4/4 levels left

rFire    . . .     SeeInvis .   a - +0 trident
rCold    . . .     Faith    .   c - +0 kite shield
rNeg     . . .     Spirit   .   b - +0 scale mail
rPois    .         Reflect  .   (no helmet)
rElec    .         Harm     .   (no cloak)
rCorr    .         Rampage  .   (no gloves)
MR       .....     NoTele   +   (no boots)
Stlth    ..........             (no amulet)
HPRegen  0.15/turn              (no ring)
MPRegen  0.09/turn              (no ring)

@: paralysed, berserk cooldown, slowed
A: change form in water, swift swim, stealthy swim
a: no special abilities


You were in the Dungeon.
You visited 1 branch

Inventory:

Hand Weapons
 a - a +0 trident (weapon)
Armour
 b - a +0 scale mail (worn)
 c - a +0 kite shield (worn)
Scrolls
 j - a scroll of blinking
Potions
 d - a potion of might
 e - a potion of curing
 f - a potion of heal wounds
 g - a potion of haste
 h - 2 potions of magic


   Skills:
 + Level 6.6 Fighting
 + Level 6.3 Polearms
 + Level 4.3 Armour
 + Level 6.0 Shields


You had 4 spell levels left.
You didn't know any spells.
Your spell library was empty.

Dungeon Overview and Level Annotations

Branches:
Dungeon (1/1)

Altars:


Message History

Your Armour skill increases to level 4!
Your Shields skill gained 2 levels and is now at level 6!
You have reached level 4!
You have reached level 5!
You feel agile.
You closely miss the giant cockroach.
The giant cockroach bites you but does no damage.
Unknown command.
You puncture the giant cockroach!
You kill the giant cockroach!
You barely miss the ogre.
You are no longer berserk.
You pass out from exhaustion.
You feel yourself slow down. The ogre hits you with a +0 giant club!
The ogre hits you with a +0 giant club!
* * * LOW HITPOINT WARNING * * *
The ogre hits you with a +0 giant club!
* * * LOW HITPOINT WARNING * * *
The ogre hits you with a +0 giant club!
You die...

▓.▓
▓.▓
▓.▓
▓)▓
▓.▓
▓.▓
▓.▓
▓.▓
▓@▓
▓O▓
▓Z▓
▓.▓
▓.▓
▓.▓
▓.▓
▓+▓


You could see an ogre and an adder skeleton.

Vanquished Creatures
  A sky beast (D)
  An orc wizard (D)
  A dart slug (D)
  2 bats (D)
  A giant cockroach (D)
  2 goblins (D)
8 creatures vanquished.

Notes
Turn   | Place    | Note
-------+----------+-------------------------------------------
     0 | D        | mhtbhm the Merfolk Fighter began the quest for the Orb.
     0 | D        | Reached XP level 1. HP: 18/18 MP: 1/1
    12 | D        | Reached XP level 2. HP: 23/25 MP: 2/2
    21 | D        | Noticed a sky beast
    21 | D        | Noticed an ogre
    28 | D        | Reached skill level 5 in Fighting
    28 | D        | Reached XP level 3. HP: 33/33 MP: 3/3
    37 | D        | Killed a sky beast
    37 | D        | Reached XP level 4. HP: 37/41 MP: 4/4
    37 | D        | Reached XP level 5. HP: 42/47 MP: 5/5
    43 | D        | HP: 2/47 [ogre/+0 giant club (8)]
    44 | D        | Mangled by an ogre

Illustrated notes

Levels and vault maps discovered:
D:        linesprint [early_d, line_temple, items_1, d_10, items_2, lair_1,
          lair_end, items_3, orc_1, orc_end, items_4, d_15, swamp_1, shoals_1,
          snake_1, spider_1, d_20, vaults_1, items_5, swamp_end, shoals_end,
          snake_end, spider_end, vaults_end, d_27, items_6, zot_1, zot_end,
          crypt_end, forest_end, elf_end, slime_end, tomb_end, abyss_end,
          pan_hell_end]

Skill      XL: |  1  2  3 |
---------------+----------+-----
Fighting       | 4 5 6 |  6.6
Polearms       | 4 6 |  6.3
Armour         | 3 4 |  4.3
Shields        | 4 6 |  6.0

Action                   |  1- 3 |  4- 6 || total
-------------------------+-------+-------++-------
Melee: Trident           |    26 |     3 ||    29
  Use: Potion            |     1 |       ||     1
Armor: Scale mail        |    11 |     1 ||    12
Dodge: Dodged            |     3 |       ||     3
Block: Kite shield       |     4 |       ||     4

Table legend: (Time is in decaauts)
 A = Elapsed time spent in this place.
 B = Non-inter-level travel time spent in this place.
 C = Inter-level travel time spent in this place.
 D = Time resting spent in this place.
 E = Time spent auto-exploring this place.
 F = Levels seen in this place.
 G = Mean time per level.
                   A        B        C        D        E       F      G
               +--------+--------+--------+--------+--------+-----+--------+
         Total |     43 |     43 |      0 |      0 |      3 |   1 |   43.0 |
       Dungeon |     43 |     43 |      0 |      0 |      3 |   1 |   43.0 |
               +--------+--------+--------+--------+--------+-----+--------+

Top non-repeatable levels by time:
       D: 43 daAuts
